 Dungeon Crawl Stone Soup version 0.19.5 (webtiles) character file.

3916 Haldmier the Frost Mage (level 10, 0/68 HPs)
             Began as a Merfolk Ice Elementalist on Apr 24, 2017.
             Was a Follower of Vehumet.
             Killed from afar by a raiju (15 damage)
             ... with a living lightning
             ... on level 2 of the Abyss.
             The game lasted 00:54:19 (11143 turns).

Haldmier the Frost Mage (Merfolk Ice Elementalist) Turns: 11143, Time: 00:54:19

Health: 0/68       AC: 11    Str:  7    XL:     10   Next: 20%
Magic:  14/14      EV: 15    Int: 18    God:    Vehumet [*.....]
Gold:   458        SH:  0    Dex: 14    Spells: 5 memorised, 1 level left

rFire  . . .     SeeInvis .     a - +1 spear (venom)
rCold  . . .     Gourm    .     i - +1 ring mail {MR+}
rNeg   . . .     Faith    .     (no shield)
rPois  .         Spirit   .     P - +1 helmet
rElec  .         Reflect  .     (no cloak)
rCorr  .         Harm     .     (no gloves)
MR     +....                    B - +0 pair of boots
Stlth  +.........               R - amulet of magic regeneration
                                U - +4 ring of evasion
                                j - ring of wizardry

@: very slightly contaminated, heavily drained
A: change form in water, swift swim, stealthy swim, thin metallic scales 1, weak
1
a: Renounce Religion


You were on level 2 of the Abyss.
You worshipped Vehumet.
Vehumet was aware of your devotion.
You were very hungry.

You visited 2 branches of the dungeon, and saw 9 of its levels.
You visited the Abyss 1 time.

You collected 458 gold pieces.

Inventory:

Hand Weapons
 a - a +1 spear of venom (weapon)
 b - a +0 halberd
 H - a +0 whip of distortion
Missiles
 e - 4 tomahawks
 C - 2 throwing nets
 I - 2 tomahawks of dispersal
 M - 2 poisoned javelins (quivered)
Armour
 i - a +1 ring mail of magic resistance (worn)
 y - a +0 shield
 z - a +0 chain mail
 B - a +0 pair of boots (worn)
 D - a +2 scale mail of cold resistance
 P - a +1 helmet (worn)
Jewellery
 j - a ring of wizardry (left hand)
 t - an uncursed amulet of faith
 N - an uncursed ring of positive energy
 Q - an uncursed ring of flight
 R - an amulet of magic regeneration (around neck)
 U - a +4 ring of evasion (right hand)
Wands
 d - a wand of digging (3/24)
 G - a wand of polymorph (11/24)
Scrolls
 k - a scroll of amnesia
 o - a scroll of identify
 q - a scroll of remove curse
 r - a scroll of teleportation
Potions
 f - 4 potions of heal wounds
 g - a potion of brilliance
 l - a potion of curing
 p - a potion of degeneration {unknown}
 u - a potion of berserk rage {unknown}
 v - a potion of haste {unknown}
 w - a potion of lignification {unknown}
 x - a potion of cancellation {unknown}
 A - a potion of magic
 S - 2 potions of cure mutation
Books
 J - a book of Frost

   Spells                             Type                      Level
   a - Freeze                         Ice                          1
   b - Throw Frost                    Conjuration/Ice              2
   c - Ozocubu's Armour               Charms/Ice                   3
   d - Throw Icicle                   Conjuration/Ice              4
   e - Summon Ice Beast               Ice/Summoning                4
Comestibles
 c - 7 bread rations
 L - 2 beef jerkies
 O - 2 meat rations


   Skills:
 - Level 2.5(0.9) Fighting
 + Level 8.7(6.8) Polearms
 - Level 5.0(3.3) Dodging
 - Level 3.0(1.3) Stealth
 - Level 3.0(1.4) Spellcasting
 + Level 4.4(2.7) Conjurations
 - Level 6.0(4.2) Charms
 + Level 4.8(3.1) Summonings
 + Level 8.8(6.8) Ice Magic


You had one spell level left.
You knew the following spells:

 Your Spells              Type           Power        Failure   Level  Hunger
a - Freeze                Ice            ####         1%          1    ##.....
b - Throw Frost           Conj/Ice       ###...       7%          2    ###....
c - Ozocubu's Armour      Chrm/Ice       ###.....     10%         3    ####...
d - Summon Ice Beast      Ice/Summ       ###.....     56%         4    #####..
e - Throw Icicle          Conj/Ice       ###.....     56%         4    #####..


Dungeon Overview and Level Annotations

Branches:
Dungeon (8/15)             Temple (1/1) D:6
   Lair: D:8-11

Altars:
Ashenzari
Cheibriados
Dithmenos
Fedhas
Hepliaklqana
Makhleb
Nemelex Xobeh
Okawaru
Qazlal
Ru
Sif Muna
Trog
Uskayaw
Vehumet
Xom
Yredelemnul
Zin
The Shining One


Innate Abilities, Weirdness & Mutations

You revert to your normal form in water.
You are very nimble and swift while swimming.
You are very stealthy in the water. (Stealth+)
You are partially covered in thin metallic scales. (AC +2)
You are weak. (Str -2)


Message History

The raiju bursts into living lightning!
The living lightning misses you.
The raiju blinks! x2
Found 28 gold pieces.
The raiju bursts into living lightning!
The living lightning misses you.
The raiju blinks!
The raiju bursts into living lightning!
The living lightning hits you!
The raiju blinks!
You take 9 damage, and have 59/68 hp.
You are feeling very hungry.
The raiju bursts into living lightning!
The living lightning hits you!
The raiju blinks!
You take 15 damage, and have 46/68 hp.
MASSIVE DAMAGE!!
The raiju bites you but does no damage. The raiju bites you.
The raiju shocks you!
You take 11 damage, and have 35/68 hp.
The raiju bursts into living lightning!
The living lightning hits you!
* * * LOW HITPOINT WARNING * * *
The living lightning hits you!
You die...

#. #. ### ... # #.#
## ## #. #.# #.###
#.# #### #.##....
.#.###..#
#.#.....#..#....#.
#@#.# #.#.# ....#.
#.#.h###..##..# ...
#..#..##.ยง.#..X.$.#X
######..#..#..#...##
##....X. #.#.#.
##............ #
..#######..#. #. .#
#...#. .#### #.###.


You could see a raiju.

Vanquished Creatures
  The ghost of MirrMurr the Thaumaturge, a novice SpEn of Okawaru (D:7)
  2 hippogriffs
  A water moccasin (D:6)
  An ice beast (D:7)
  A hornet zombie (D:5)
  A necrophage (D:7)
  3 ogres
  3 centaurs
  A gnoll sergeant (D:6)
  4 bullfrogs
  4 killer bees
  4 wights
  4 howler monkeys (D:7)
  5 crimson imps
  A centaur zombie (D:8)
  3 jellies
  2 hounds
  3 orc priests
  A gnoll shaman (D:7)
  4 bullfrog skeletons
  A centaur skeleton (D:4)
  3 iguanas
  Ijyb (D:2)
  Terence (D:3)
  3 orc wizards
  8 worker ants
  2 hound skeletons
  17 gnolls
  16 adders
  2 shadow imps
  2 oozes
  An adder zombie (D:6)
  3 worms
  A dart slug (D:2)
  6 leopard geckos
  16 orcs
  A ball python (D:3)
  7 bats
  7 giant cockroaches
  5 hobgoblins
  11 jackals
  3 quokkas
  A ball python skeleton (D:4)
  A frilled lizard (D:4)
  4 goblins
  A jackal skeleton (D:4)
  11 kobolds
  9 rats
193 creatures vanquished.

Vanquished Creatures (collateral kills)
  3 quasits (D:7)
3 creatures vanquished.

Vanquished Creatures (others)
  A gnoll (D:6)
1 creature vanquished.

Grand Total: 197 creatures vanquished

Notes
Turn   | Place    | Note
-------+----------+-------------------------------------------
     0 | D:1      | Haldmier the Merfolk Ice Elementalist began the quest for the Orb.
     0 | D:1      | Reached XP level 1. HP: 13/13 MP: 3/3
   508 | D:1      | Reached XP level 2. HP: 12/19 MP: 1/5
   627 | D:1      | Learned a level 2 spell: Throw Frost
   857 | D:2      | Noticed Ijyb
   878 | D:2      | Killed Ijyb
   878 | D:2      | Reached XP level 3. HP: 19/24 MP: 0/6
   935 | D:2      | Learned a level 3 spell: Ozocubu's Armour
  1015 | D:2      | Reached skill level 5 in Ice Magic
  1239 | D:2      | Found a hide-covered altar of Uskayaw.
  1254 | D:2      | Reached XP level 4. HP: 30/30 MP: 7/7
  1991 | D:2      | Reached XP level 5. HP: 30/35 MP: 1/8
  2658 | D:3      | Noticed a centaur
  2669 | D:3      | Killed a centaur
  2669 | D:3      | Reached skill level 1 in Fighting
  2669 | D:3      | Reached skill level 1 in Charms
  2669 | D:3      | Reached XP level 6. HP: 29/43 MP: 2/9
  2860 | D:3      | Noticed Terence
  2877 | D:3      | Killed Terence
  3412 | D:4      | Found a shattered altar of Ashenzari.
  3912 | D:4      | Reached skill level 1 in Conjurations
  4292 | D:4      | Reached XP level 7. HP: 50/50 MP: 6/10
  4651 | D:4      | Found a hazy altar of Hepliaklqana.
  5054 | D:4      | Learned a level 4 spell: Summon Ice Beast
  5191 | D:4      | Reached skill level 1 in Polearms
  5218 | D:4      | Reached skill level 1 in Summonings
  5497 | D:5      | Entered Level 5 of the Dungeon
  5718 | D:5      | Reached skill level 5 in Dodging
  5718 | D:5      | Reached XP level 8. HP: 37/57 MP: 6/12
  7153 | D:6      | Reached skill level 5 in Polearms
  7230 | D:6      | Found a staircase to the Ecumenical Temple.
  7438 | Temple   | Entered the Ecumenical Temple
  7780 | Temple   | Gained mutation: You are partially covered in thin metallic scales. (AC +2) [potion of beneficial mutation]
  7802 | Temple   | Reached XP level 9. HP: 56/62 MP: 9/13
  8198 | D:6      | Found a sparkling altar of Nemelex Xobeh.
  8296 | D:6      | Found a radiant altar of Vehumet.
  8304 | D:6      | Became a worshipper of Vehumet
  8565 | D:6      | Learned a level 4 spell: Throw Icicle
  8600 | D:7      | Noticed MirrMurr's ghost (novice SpEn)
  9335 | D:7      | Found an iron altar of Okawaru.
  9715 | D:7      | Killed MirrMurr's ghost
  9715 | D:7      | Reached skill level 5 in Charms
 10201 | D:7      | Reached XP level 10. HP: 53/68 MP: 14/14
 10216 | D:7      | Reached * piety under Vehumet
 10216 | D:7      | Offered knowledge of Shock by Vehumet.
 11052 | D:8      | Got a steaming robe
 11063 | D:8      | Identified the cursed -5 robe of Misfortune {-Cast *Contam *Tele *Drain EV-5 Stlth-- *Curse} (You found it on level 8 of the Dungeon)
 11071 | D:8      | Cast into level 2 of the Abyss (a distortion unwield)
 11074 | Abyss:2  | Gained mutation: You are weak. (Str -2) [mutagenic glow]
 11116 | Abyss:2  | Noticed a tentacled starspawn
 11143 | Abyss:2  | Killed from afar by a raiju

Skill      XL: |  1  2  3  4  5  6  7  8  9 10 |
---------------+-------------------------------+-----
Ice Magic      | 4 5 6 7 8 |  8.8
Dodging        | 3 4 5 |  5.0
Stealth        | 3 |  3.0
Fighting       | 1 2 |  2.5
Charms         | 1 2 3 4 5 6 |  6.0
Conjurations   | 1 2 4 |  4.4
Polearms       | 2 6 8 |  8.7
Summonings     | 1 3 4 |  4.8
Spellcasting   | 3 |  3.0

Action                   |  1- 3 |  4- 6 |  7- 9 | 10-12 || total
-------------------------+-------+-------+-------+-------++-------
Melee: Short sword       |    21 |   145 |    50 |       ||   216
       Halberd           |       |       |   182 |    80 ||   262
       Spear             |       |       |   159 |    11 ||   170
Throw: Javelin           |       |     2 |     2 |       ||     4
 Cast: Freeze            |    31 |   100 |   116 |     7 ||   254
       Ozocubu's Armour  |     1 |    15 |    26 |     5 ||    47
       Throw Frost       |       |     4 |    14 |     1 ||    19
       Summon Ice Beast  |       |       |     1 |       ||     1
Evoke: Wand              |       |       |     1 |       ||     1
  Use: Scroll            |       |       |    13 |     2 ||    15
       Potion            |       |       |     5 |       ||     5
 Stab: Sleeping          |       |     5 |     5 |       ||    10
  Eat: Chunk             |     1 |    14 |    20 |     3 ||    38
       Meat ration       |     1 |       |       |       ||     1
       Royal jelly       |       |       |     1 |       ||     1
       Pizza             |       |       |     1 |       ||     1
Armor: Robe              |     8 |    73 |    29 |       ||   110
       Leather armour    |       |       |   133 |    48 ||   181
       Ring mail         |       |       |       |     5 ||     5
Dodge: Dodged            |    32 |   168 |   475 |   143 ||   818
